 Dungeon Crawl Stone Soup version 0.29-a0-317-gd16b76e6b1 (webtiles) character file.

Game seed: 6073599321606753712

15 jmlagarto the Digger (level 2, -4/19 HPs)
             Began as a Formicid Earth Elementalist on Mar 30, 2022.
             Was a Follower of Elyvilon.
             Slain by a gnoll
             ... wielding a +0 spear
              (8 damage)
             ... on level 2 of the Dungeon.
             The game lasted 00:03:04 (1012 turns).

jmlagarto the Digger (Formicid Earth Elementalist)  Turns: 1012, Time: 00:03:05

Health: -4/19      AC:  2    Str: 12    XL:     2   Next: 65%
Magic:  3/5        EV: 12    Int: 14    God:    Elyvilon [*.....]
Gold:   80         SH:  0    Dex: 11    Spells: 4/5 levels left

rFire   . . .      SeeInvis +   (no weapon)
rCold   . . .      Faith    .   (no shield)
rNeg    . . .      Spirit   .   b - +0 robe
rPois   .          Reflect  .   (helmet unavailable)
rElec   .          Harm     .   (no cloak)
rCorr   .          Rampage  .   (no gloves)
Will    .....                   (no boots)
Stlth   ++........              (no amulet)
HPRegen 0.06/turn               (no ring)
MPRegen 0.09/turn               (no ring)

@: no status effects
A: permanent stasis, dig shafts and tunnels, antennae 3, four strong arms
a: Dig, Shaft Self, Renounce Religion, Purification


You were on level 2 of the Dungeon.
You worshipped Elyvilon.
Elyvilon was aware of your devotion.
You visited 1 branch of the dungeon, and saw 2 of its levels.

You collected 80 gold pieces.

Inventory:

Hand Weapons
 k - a +2 vampiric whip
Missiles
 a - 7 stones (quivered)
Armour
 b - a +0 robe (worn)
 e - a +1 hat
Scrolls
 g - a scroll of teleportation {unknown}
 i - a scroll of acquirement {unknown}
 l - a scroll of identify {unknown}
 m - a scroll of blinking {unknown}
 n - a scroll of noise {unknown}
Potions
 d - a potion of haste {unknown}
 f - a potion of attraction {unknown}
 h - a potion of mutation {unknown}


   Skills:
 + Level 2.0 Dodging
 + Level 2.7 Stealth
 + Level 2.4 Spellcasting
 + Level 1.5 Transmutations
 + Level 3.8 Earth Magic


You had 4 spell levels left.
You knew the following spells:

 Your Spells              Type           Power      Damage    Failure   Level
a - Sandblast             Erth           24%        2d8       4%          1

Your spell library contained the following spells:

 Spells                   Type           Power      Damage    Failure   Level
 Passwall                 Tmut/Erth      7%         N/A       12%         2
 Stone Arrow              Conj/Erth      14%        3d7       30%         3
 Petrify                  Tmut/Erth      9%         N/A       58%         4


Dungeon Overview and Level Annotations

Branches:
Dungeon (2/15)

Altars:
Elyvilon


Innate Abilities, Weirdness & Mutations

You cannot be hasted, slowed, berserked, paralysed or teleported.
You can dig through walls and to a lower floor.
You have a pair of large antennae on your head. (SInv)
Your four strong arms can wield two-handed weapons with a shield.


Message History

You feel the dreadful sensation subside.
You are now empty-handed.
Magic courses through your body. The gnoll barely misses you.
You throw a poisoned dart. The poisoned dart hits the gnoll.
The gnoll is poisoned.
The gnoll hits you from afar with a +0 spear.
A gnoll comes into view. It is wielding a +0 spear.
The gnoll misses you.
You throw a poisoned dart.
The poisoned dart closely misses the gnoll.
The poisoned dart hits the gnoll.
The gnoll is poisoned.
The gnoll hits you from afar with a +0 spear.
The gnoll hits you with a +0 flail.
* * * LOW HITPOINT WARNING * * *
You are too injured to fight recklessly!
Unknown command.
You are too injured to fight recklessly!
Casting: Sandblast (safe; 4% risk of failure)
Confirm with . or Enter, or press ? or * to list all spells.
Aiming: Sandblast (safe; 4% risk of failure)
Press: ? - help, Shift-Dir - straight line, f/p - gnoll
Aim: a gnoll, wielding a +0 flail (lightly wounded, poisoned, 82% to hit)
The blast of sand hits the gnoll!
The gnoll is severely wounded.
a - 8 stones The gnoll hits you from afar with a +0 spear!
Elyvilon protects you from harm! The gnoll hits you but does no damage.
A gnoll comes into view. It is wielding a +0 flail.
Casting: Sandblast (safe; 4% risk of failure)
Confirm with . or Enter, or press ? or * to list all spells.
Aiming: Sandblast (safe; 4% risk of failure)
Press: ? - help, Shift-Dir - straight line, f/p - gnoll
Aim: a gnoll, wielding a +0 flail (almost dead, poisoned, 82% to hit)
The blast of sand hits the gnoll!
You kill the gnoll!
a - 7 stones The gnoll shouts!
The gnoll hits you from afar with a +0 spear!
You die...

#.# #.# ##.### #).... #.#.##
###########.#.##
#...........#...
.#.##############.######.#######
......).g?g.Kg)@....# #....#...
.[..#############.#.####.##.#.##
. ##............##.#.#
............<.......#
##..#####.####.....## #.
#...##.####### # ###.##........
##...#.####### #.#####.#.#..#


You could see 3 gnolls and a kobold.

Vanquished Creatures
  A gnoll (D:2)
  3 ball pythons
  2 goblins
  A hobgoblin (D:1)
  4 kobolds
  2 bats (D:1)
  A frilled lizard (D:1)
  2 rats
16 creatures vanquished.

Notes
Turn   | Place    | Note
-------+----------+-------------------------------------------
     0 | D:1      | jmlagarto the Formicid Earth Elementalist began the quest
                  | for the Orb.
     0 | D:1      | Reached XP level 1. HP: 13/13 MP: 3/3
   251 | D:1      | Found a faded altar of an unknown god.
   473 | D:1      | Reached XP level 2. HP: 19/19 MP: 1/5
   895 | D:1      | Prayed at the altar of an unknown god.
   895 | D:1      | Became a worshipper of Elyvilon the Healer
   895 | D:1      | Reached * piety under Elyvilon
  1011 | D:2      | Elyvilon protects you from harm!
  1012 | D:2      | Slain by a gnoll

Illustrated notes

Levels and vault maps discovered:
D:1:      nzn_arrival_water_spiral, layout_basic,
          ebering_ecumenical_altar_abandoned
D:2:      layout_loops_ring, basic_altar, minmay_puff

Skill      XL: |  1  2 |
---------------+-------+-----
Dodging        | 2 |  2.0
Stealth        | |  2.7
Spellcasting   | |  2.4
Transmutations | |  1.5
Earth Magic    | |  3.8

Action                   || total
-------------------------++-------
Throw: Dart              ||     2
 Cast: Sandblast         ||    23
  Use: Potion            ||     1
Armor: Robe              ||     2
Dodge: Dodged            ||     7

Table legend: (Time is in decaauts)
 A = Elapsed time spent in this place.
 B = Non-inter-level travel time spent in this place.
 C = Inter-level travel time spent in this place.
 D = Time resting spent in this place.
 E = Time spent auto-exploring this place.
 F = Levels seen in this place.
 G = Mean time per level.
                   A        B        C        D        E       F      G
               +--------+--------+--------+--------+--------+-----+--------+
         Total |   1009 |    947 |     62 |      0 |    834 |   2 |  504.5 |
       Dungeon |   1009 |    947 |     62 |      0 |    834 |   2 |  504.5 |
               +--------+--------+--------+--------+--------+-----+--------+

Top non-repeatable levels by time:
     D:1: 906 daAuts
     D:2: 103 daAuts
